[Event "Nakhchivan Premium 2021"]
[Site "Nakhchivan"]
[Date "2021.03.28"]
[Round "7.6"]
[White "Babayeva, Nasrin"]
[Black "Ismayilov, Arturan"]
[Result "1-0"]
[ECO "A15"]
[WhiteElo "1564"]
[BlackElo "1663"]
[Annotator "NA"]
[PlyCount "103"]
[EventDate "2021.03.14"]
[EventType "tourn"]
[EventCountry "AZE"]
[SourceTitle "playchess.com"]
[Source "ChessBase"]
[SourceQuality "1"]
[TimeControl "5400+30"]

1. c4 Nf6 2. g3 c6 3. Bg2 d5 4. Nf3 g6 5. O-O Bg7 6. d3 O-O 7. Bf4 Nbd7 8. Qc1 Re8 9. Bg5 e5 10. cxd5 cxd5 11. Nc3 Qa5 12. Nd2 h6 13. Nb3 Qd8 14. Bxh6 Nb6 15. Bxg7 Kxg7 16. a4 Be6 17. Nc5 Rc8 18. Nxe6+ Rxe6 19. Qg5 d4 20. Nb5 a6 21. Na3 Nxa4 22. Bh3 Qe7 23. Bxe6 Qxe6 24. Nc4 Rh8 25. f3 b5 26. Qxe5 Qd7 27. Qd6 Re8 28. Qxd7 Nxd7 29. Kf2 Ndc5 30. b4 Nd7 31. Nd2 Ndb6 32. Nb3 Rd8 33. Nc5 Nxc5 34. bxc5 Na4 35. Rfc1 Re8 36. Rc2 a5 37. c6 Rc8 38. e3 Nc3 39. Rxa5 b4 40. exd4 Rxc6 41. Rc5 Re6 42. R5xc3 bxc3 43. Rxc3 Kf6 44. d5 Re8 45. d4 Kf5 46. Rc5 Rh8 47. h4 Rd8 48. g4+ Kf4 49. Rc6 f5 50. Rxg6 Ra8 51. Re6 Ra3 52. gxf5 1-0

[Event "Nakhchivan Premium 2021"]
[Site "Nakhchivan"]
[Date "2021.03.29"]
[Round "8.2"]
[White "Seyid, Huseyn"]
[Black "Babayeva, Nasrin"]
[Result "1-0"]
[ECO "C42"]
[WhiteElo "1660"]
[BlackElo "1564"]
[Annotator "NA RC"]
[PlyCount "55"]
[EventDate "2021.03.14"]
[EventType "tourn"]
[EventCountry "AZE"]
[SourceTitle "playchess.com"]
[Source "ChessBase"]
[SourceQuality "1"]
[TimeControl "5400+30"]

1. e4 e5 2. Nf3 Nf6 3. Nxe5 d6 4. Nf3 Nxe4 5. d4 d5 6. Bd3 Be7 7. O-O Bg4 8. c4 c6 9. Nc3 Nxc3 10. bxc3 O-O 11. Bf4 Bd6 12. Bxd6 Bxf3 13. Qxf3 Qxd6 14. c5 Qh6 15. Rfb1 b6 16. cxb6 axb6 17. Rxb6 Qd2 18. a4 Nd7 19. Rxc6 Nf6 20. a5 Rfc8 21. Rxc8+ Rxc8 22. a6 Qxc3 23. Bxh7+ Kxh7 24. Qxc3 Rxc3 25. a7 Rc8 26. a8=Q Rxa8 27. Rxa8 Kg6 28. f3 1-0

[Event "Nakhchivan Premium 2021"]
[Site "Nakhchivan"]
[Date "2021.03.29"]
[Round "8.4"]
[White "Ahmadova, Yegana"]
[Black "Aliyev, Aykhan"]
[Result "0-1"]
[ECO "A05"]
[WhiteElo "1421"]
[BlackElo "1683"]
[Annotator "NA RC"]
[PlyCount "143"]
[EventDate "2021.03.14"]
[EventType "tourn"]
[EventCountry "AZE"]
[SourceTitle "playchess.com"]
[Source "ChessBase"]
[SourceQuality "1"]
[TimeControl "5400+30"]

1. Nf3 Nf6 2. c4 g6 3. b3 Bg7 4. Bb2 b6 5. Nc3 Bb7 6. g3 O-O 7. Bg2 d5 8. d3 d4 9. Nb1 c5 10. O-O Nbd7 11. e3 e5 12. e4 Ne8 13. Ne1 Nd6 14. Nd2 Qe7 15. Nc2 f5 16. f3 Bh6 17. Qe2 Nf6 18. Rae1 fxe4 19. fxe4 Bc8 20. Nf3 Bd7 21. Bc1 Bxc1 22. Rxc1 Rad8 23. Rb1 Kg7 24. b4 Ba4 25. Nfe1 Bxc2 26. Nxc2 Nxc4 27. bxc5 Qxc5 28. dxc4 d3+ 29. Qf2 dxc2 30. Qxc5 bxc5 31. Rbc1 Rd2 32. Rf2 Rxf2 33. Kxf2 Ng4+ 34. Ke1 Ne3 35. Bh3 Rd8 36. Ke2 Rd1 37. Rxc2 Nxc2 38. Kxd1 Ne3+ 39. Kd2 Nxc4+ 40. Kc3 Nd6 41. Bg2 Kf6 42. Bf3 Ke7 43. Kd3 Kd7 44. Bg4+ Kc6 45. Be6 Kb5 46. Bd5 Kb4 47. h4 h6 48. g4 g5 49. hxg5 hxg5 50. Kc2 a5 51. Kb2 Nb5 52. Bc6 Na3 53. Bd5 Nc4+ 54. Kb1 Ne3 55. Be6 Kc3 56. Kc1 a4 57. Bf5 a3 58. Be6 Kd3 59. Bf5 c4 60. Be6 c3 61. Bf5 Kd4 62. Kb1 Kd3 63. Kc1 Nf1 64. Bd7 Kxe4 65. Bf5+ Kd4 66. Kd1 Ne3+ 67. Ke2 Nxf5 68. gxf5 Kd5 69. Kd3 e4+ 70. Kxc3 Ke5 71. f6 Kxf6 72. Kd4 0-1

[Event "Nakhchivan Premium 2021"]
[Site "Nakhchivan"]
[Date "2021.03.30"]
[Round "9.2"]
[White "Mammadov, Sadig"]
[Black "Babayev, Talib"]
[Result "1/2-1/2"]
[ECO "E63"]
[WhiteElo "2237"]
[BlackElo "2282"]
[Annotator "ChessBase"]
[PlyCount "177"]
[EventDate "2021.03.14"]
[EventType "tourn"]
[EventCountry "AZE"]
[SourceTitle "playchess.com"]
[Source "ChessBase"]
[SourceQuality "1"]
[TimeControl "5400+30"]

1. d4 Nf6 2. c4 g6 3. g3 Bg7 4. Bg2 d6 5. Nc3 O-O 6. Nf3 Nc6 7. O-O a6 8. h3 Bd7 9. e4 e5 10. d5 Nd4 11. Be3 Qc8 12. Nxd4 exd4 13. Bxd4 Bxh3 14. e5 dxe5 15. Bxe5 Re8 16. Qd4 c5 17. Qh4 Bxg2 18. Bxf6 Bxf6 19. Qxf6 Qh3 20. Qh4 Bxf1 21. Rxf1 Qxh4 22. gxh4 b5 23. Rd1 bxc4 24. Kg2 f5 25. Rd2 Rad8 26. Na4 Re5 27. Nb6 Kf7 28. f3 f4 29. d6 c3 30. bxc3 Re3 31. Na4 Re6 32. d7 Rc6 33. Rd5 Ke6 34. c4 Ke7 35. Nxc5 h6 36. Re5+ Kf7 37. Rd5 Rb6 38. Kh3 h5 39. Rd4 Ke7 40. Re4+ Kf7 41. Rxf4+ Rf6 42. Rd4 Ke7 43. Re4+ Kf7 44. Rd4 Rb6 45. Kg3 a5 46. Rd5 Ke7 47. Re5+ Kf6 48. Re8 Rbb8 49. Re6+ Kf7 50. Re4 Rb2 51. Rd4 Ke7 52. a3 Re2 53. Rd5 a4 54. Rg5 Re3 55. Rxg6 Rxa3 56. Rg7+ Kf6 57. Rh7 Rg8+ 58. Kf4 Ra1 59. Nb7 Kg6 60. Re7 Rf8+ 61. Kg3 a3 62. Re8 a2 63. d8=Q Rg1+ 64. Kh2 a1=Q 65. Qd6+ Kh7 66. Rxf8 Rh1+ 67. Kg3 Rg1+ 68. Kf4 Qc1+ 69. Kf5 Qc2+ 70. Ke6 Re1+ 71. Kd7 Rd1 72. Rf7+ Kg8 73. Qxd1 Qxd1+ 74. Nd6 Qd4 75. f4 Qa7+ 76. Kc6 Qa8+ 77. Rb7 Qd8 78. c5 Qxh4 79. Kd7 Qg4+ 80. f5 Qg7+ 81. Ke6 Qc3 82. f6 Qxc5 83. Rb8+ Kh7 84. f7 Qe3+ 85. Kd7 Qh3+ 86. Kd8 Kg7 87. Kc7 Qc3+ 88. Kd7 Qh3+ 89. Kc7 1/2-1/2

[Event "Nakhchivan Premium 2021"]
[Site "Nakhchivan"]
[Date "2021.03.30"]
[Round "9.3"]
[White "Aliyev, Aykhan"]
[Black "Baghirov, Orkhan"]
[Result "1-0"]
[ECO "C10"]
[WhiteElo "1683"]
[BlackElo "1473"]
[Annotator "NA RC"]
[PlyCount "133"]
[EventDate "2021.03.14"]
[EventType "tourn"]
[EventCountry "AZE"]
[SourceTitle "playchess.com"]
[Source "ChessBase"]
[SourceQuality "1"]
[TimeControl "5400+30"]

1. e4 e6 2. d4 d5 3. Nd2 dxe4 4. Nxe4 Nd7 5. Nf3 Ngf6 6. Nxf6+ Nxf6 7. Bd3 Bd6 8. Bg5 Be7 9. Qe2 Nd5 10. Bd2 c6 11. a3 a5 12. c4 Nf6 13. O-O O-O 14. Rad1 Qc7 15. Ne5 Nd7 16. Nxd7 Qxd7 17. Bf4 Bd6 18. Be5 Bxe5 19. dxe5 Qe7 20. Qc2 g6 21. c5 f6 22. exf6 Rxf6 23. Bc4 Kg7 24. Rd6 e5 25. Qd2 Bf5 26. Rd1 Rxd6 27. cxd6 Qf6 28. d7 Rd8 29. Qxa5 Qe7 30. Qc7 b5 31. Be2 Rxd7 32. Qxc6 Rxd1+ 33. Bxd1 Qd7 34. Qxd7+ Bxd7 35. Kf1 Kf6 36. Ke2 e4 37. Ke3 Ke5 38. f3 exf3 39. Bxf3 g5 40. Kd3 Kd6 41. Kd4 Be8 42. Be4 h6 43. b3 Bd7 44. Bc2 h5 45. Bd1 h4 46. h3 Bc6 47. Bf3 Bd7 48. Ke4 Be6 49. a4 bxa4 50. bxa4 Bd7 51. a5 Bc8 52. Kd4 Ba6 53. Be4 Bc8 54. Bd3 Bb7 55. a6 Bxg2 56. Be4 Bxe4 57. Kxe4 Kc6 58. Kf5 Kb6 59. Kxg5 Kxa6 60. Kxh4 Kb6 61. Kg5 Kc6 62. Kf6 Kd7 63. Kf7 Kd6 64. h4 Ke5 65. h5 Kf5 66. h6 Kg5 67. h7 1-0

[Event "Nakhchivan Premium 2021"]
[Site "Nakhchivan"]
[Date "2021.03.30"]
[Round "9.4"]
[White "Garayev, Sadig"]
[Black "Ahmadova, Yegana"]
[Result "1-0"]
[ECO "B38"]
[WhiteElo "1781"]
[BlackElo "1421"]
[Annotator "NA RC"]
[PlyCount "97"]
[EventDate "2021.03.14"]
[EventType "tourn"]
[EventCountry "AZE"]
[SourceTitle "playchess.com"]
[Source "ChessBase"]
[SourceQuality "1"]
[TimeControl "5400+30"]

1. e4 c5 2. Nf3 Nc6 3. d4 cxd4 4. Nxd4 g6 5. c4 Bg7 6. Be3 Nf6 7. Nc3 Nxd4 8. Qxd4 O-O 9. Qd2 d6 10. f3 Be6 11. Bd3 Qa5 12. Nb5 Qxd2+ 13. Kxd2 a6 14. Nd4 Nd7 15. Rac1 Nc5 16. Bb1 Rfc8 17. Nxe6 Nxe6 18. b3 a5 19. Bd3 Nc5 20. Rc2 Nxd3 21. Kxd3 Rc6 22. a3 Rca6 23. Rhc1 h5 24. Bd4 Bxd4 25. Kxd4 Kg7 26. e5 dxe5+ 27. Kxe5 Re6+ 28. Kd4 Rd8+ 29. Kc5 Re5+ 30. Kb6 Re6+ 31. Kc7 Red6 32. c5 R8d7+ 33. Kb8 Rd8+ 34. Kc7 R8d7+ 35. Kb8 Rd8+ 36. Ka7 Rc6 37. b4 axb4 38. axb4 Rd7 39. b5 b6+ 40. Ka6 Rxc5 41. Rxc5 bxc5 42. b6 e5 43. b7 Rxb7 44. Kxb7 f5 45. Kc6 Kf6 46. Kd5 g5 47. Rxc5 e4 48. fxe4 fxe4 49. Kxe4 1-0

[Event "Nakhchivan Premium 2021"]
[Site "Nakhchivan"]
[Date "2021.03.30"]
[Round "9.5"]
[White "Babayeva, Nasrin"]
[Black "Gasimov, Parviz"]
[Result "1-0"]
[ECO "A22"]
[WhiteElo "1564"]
[BlackElo "2337"]
[Annotator "RC"]
[PlyCount "65"]
[EventDate "2021.03.14"]
[EventType "tourn"]
[EventCountry "AZE"]
[SourceTitle "playchess.com"]
[Source "ChessBase"]
[SourceQuality "1"]
[TimeControl "5400+30"]

1. c4 e5 2. Nc3 Nf6 3. e3 Bb4 4. Nge2 c6 5. a3 Ba5 6. b4 Bc7 7. d4 Qe7 8. d5 e4 9. Nd4 O-O 10. Bb2 Qe5 11. Na4 Qg5 12. h4 Qg6 13. h5 Qg5 14. h6 g6 15. d6 Bd8 16. Qc2 a5 17. Rh3 axb4 18. axb4 Na6 19. Rg3 Ng4 20. Qc3 Nxb4 21. Nxc6 Bf6 22. Ne7+ Kh8 23. Qxb4 Bxb2 24. Qxb2+ f6 25. Nb6 Rxa1+ 26. Qxa1 Qc5 27. Rxg4 Qb4+ 28. Ke2 Qxb6 29. Nd5 Qxd6 30. Nxf6 Qa6 31. Qxa6 bxa6 32. Rxe4 a5 33. Re7 1-0

[Event "Nakhchivan Premium 2021"]
[Site "Nakhchivan"]
[Date "2021.03.30"]
[Round "9.6"]
[White "Ismayilov, Arturan"]
[Black "Seyid, Huseyn"]
[Result "1/2-1/2"]
[ECO "B19"]
[WhiteElo "1663"]
[BlackElo "1660"]
[Annotator "NA RC"]
[PlyCount "120"]
[EventDate "2021.03.14"]
[EventType "tourn"]
[EventCountry "AZE"]
[SourceTitle "playchess.com"]
[Source "ChessBase"]
[SourceQuality "1"]
[TimeControl "5400+30"]

1. e4 c6 2. d4 d5 3. Nc3 dxe4 4. Nxe4 Bf5 5. Ng3 Bg6 6. h4 h6 7. Nf3 Nd7 8. h5 Bh7 9. Bd3 Bxd3 10. Qxd3 Qc7 11. Bd2 e6 12. O-O-O O-O-O 13. Kb1 Ngf6 14. c4 Bd6 15. Ne4 Nxe4 16. Qxe4 Nf6 17. Qc2 c5 18. Bc3 cxd4 19. Bxd4 Bc5 20. Be5 Qb6 21. Rc1 Rd7 22. a3 a5 23. Qa4 Rd3 24. Bc3 Ne4 25. Bxa5 Qa6 26. Rhd1 Rd6 27. Ne5 Rf8 28. Nd3 b6 29. Nxc5 Nxc5 30. Qb5 Qxb5 31. cxb5 Rxd1 32. Rxd1 bxa5 33. Rc1 Kb7 34. Rxc5 Kb6 35. Rc6+ Kxb5 36. Rc7 g6 37. g4 gxh5 38. gxh5 Rg8 39. Rxf7 Rg5 40. Rf6 Rxh5 41. Rxe6 Rf5 42. Rxh6 Rxf2 43. Rh5+ Kb6 44. Rh3 Rg2 45. Rc3 Kb5 46. b3 Rh2 47. Rc2 Rh3 48. Kb2 Rg3 49. Rd2 Rg5 50. Rd3 Rh5 51. Re3 Rh6 52. Re5+ Kb6 53. Kc3 Rh3+ 54. Kc4 Rh4+ 55. Kd5 a4 56. Re6+ Kb7 57. Re7+ Kb6 58. Re6+ Kb7 59. bxa4 Rxa4 60. Re4 Rxa3 1/2-1/2

[Event "Nakhchivan Premium 2021"]
[Site "Nakhchivan"]
[Date "2021.03.31"]
[Round "10.3"]
[White "Ahmadova, Yegana"]
[Black "Babayeva, Nasrin"]
[Result "0-1"]
[ECO "B00"]
[WhiteElo "1421"]
[BlackElo "1564"]
[Annotator "NA RC"]
[PlyCount "92"]
[EventDate "2021.03.14"]
[EventType "tourn"]
[EventCountry "AZE"]
[SourceTitle "playchess.com"]
[Source "ChessBase"]
[SourceQuality "1"]
[TimeControl "5400+30"]

1. e4 Nc6 2. d4 d5 3. e5 Bf5 4. Bd3 Nxd4 5. Bxf5 Nxf5 6. c3 e6 7. Nf3 h5 8. Nd4 Nxd4 9. cxd4 Bb4+ 10. Nc3 Ne7 11. a3 Ba5 12. b4 Bb6 13. Na4 Nf5 14. Nc5 Qh4 15. Bb2 Qg4 16. Qxg4 hxg4 17. Kd2 O-O-O 18. Kd3 Bxc5 19. bxc5 Rh4 20. h3 Rdh8 21. g3 Rxh3 22. Rhb1 Rh2 23. Rf1 R8h3 24. Bc1 Kd7 25. Rb1 Rh1 26. Be3 Rxf1 27. Rxf1 Nxe3 28. Kxe3 g5 29. Ke2 b6 30. cxb6 axb6 31. a4 Rh8 32. Ra1 Ra8 33. f4 gxf4 34. gxf4 Ra5 35. Ke3 b5 36. Rg1 bxa4 37. Rxg4 c5 38. dxc5 Rxc5 39. Rg1 a3 40. Ra1 Ra5 41. Kd4 a2 42. Kc3 Kc6 43. Kb3 Kc5 44. Kc3 Ra3+ 45. Kb2 Kb4 46. Kc2 Rf3 0-1

[Event "Nakhchivan Premium 2021"]
[Site "Nakhchivan"]
[Date "2021.03.31"]
[Round "10.4"]
[White "Baghirov, Orkhan"]
[Black "Garayev, Sadig"]
[Result "0-1"]
[ECO "D30"]
[WhiteElo "1473"]
[BlackElo "1781"]
[Annotator "NA RC"]
[PlyCount "102"]
[EventDate "2021.03.14"]
[EventType "tourn"]
[EventCountry "AZE"]
[SourceTitle "playchess.com"]
[Source "ChessBase"]
[SourceQuality "1"]
[TimeControl "5400+30"]

1. d4 d5 2. c4 e6 3. Nf3 Nf6 4. g3 dxc4 5. Qa4+ Bd7 6. Qxc4 c5 7. Bg2 Bc6 8. e3 cxd4 9. exd4 Bd5 10. Qd3 Be4 11. Qd1 Nbd7 12. Nc3 Bb4 13. O-O Bxc3 14. bxc3 Rc8 15. Bd2 O-O 16. Re1 h6 17. Rc1 Nb6 18. Ne5 Bxg2 19. Kxg2 Qd5+ 20. f3 Nc4 21. Rb1 b6 22. Nd3 Qa5 23. Nb4 Nd5 24. Nxd5 exd5 25. Rc1 Qxa2 26. Rc2 Qb3 27. Bc1 Rce8 28. Rf1 a5 29. Rff2 Re3 30. Bd2 Rfe8 31. Kh3 Rd3 32. Qc1 a4 33. Bf4 a3 34. Kg2 Ra8 35. Ra2 Qxc3 36. Qb1 Qxd4 37. Bc7 Rc3 38. Bf4 Qc5 39. Rfe2 Ne3+ 40. Bxe3 Rxe3 41. Rec2 Rc3 42. Rxc3 Qxc3 43. Qxb6 Qc4 44. Qb1 d4 45. Kf2 d3 46. Ke1 Qc3+ 47. Kd1 Re8 48. Rd2 Re2 49. Qxd3 Qxd2+ 50. Qxd2 Rxd2+ 51. Kxd2 a2 0-1

[Event "Nakhchivan Premium 2021"]
[Site "Nakhchivan"]
[Date "2021.04.01"]
[Round "11.4"]
[White "Babayeva, Nasrin"]
[Black "Baghirov, Orkhan"]
[Result "1-0"]
[ECO "A14"]
[WhiteElo "1564"]
[BlackElo "1473"]
[Annotator "NA RC"]
[PlyCount "203"]
[EventDate "2021.03.14"]
[EventType "tourn"]
[EventCountry "AZE"]
[SourceTitle "playchess.com"]
[Source "ChessBase"]
[SourceQuality "1"]
[TimeControl "5400+30"]

1. c4 e6 2. g3 d5 3. Bg2 Nf6 4. Nf3 Be7 5. O-O O-O 6. b3 c6 7. d4 Nbd7 8. Nbd2 Re8 9. Re1 Nf8 10. Bb2 Ng6 11. Qc2 Bd7 12. e4 dxe4 13. Nxe4 Qc7 14. Nfd2 Nxe4 15. Nxe4 b6 16. Rad1 a5 17. a3 f5 18. Nd2 Rad8 19. Nf3 Bc8 20. Rd2 Bf6 21. Rde2 Qd7 22. d5 cxd5 23. Bxf6 gxf6 24. Nd4 Nf8 25. cxd5 e5 26. Nc6 Ba6 27. Re3 Rc8 28. Rc3 Ng6 29. Rc1 e4 30. Rd1 Bd3 31. Qc1 Kh8 32. Qe3 Ne7 33. Nxe7 Rxc3 34. Qd4 Qxe7 35. Qxc3 Qe5 36. Qc6 b5 37. Bf1 Bxf1 38. Rxf1 e3 39. Qxb5 e2 40. Re1 f4 41. Qd3 f3 42. Qxf3 Qd4 43. Kg2 Qd2 44. Qxf6+ Kg8 45. Qa1 Qxd5+ 46. f3 Qxb3 47. Qc1 Qd5 48. Qc3 a4 49. Kf2 Qb3 50. Qc5 Qd3 51. h4 Kf7 52. Qa7+ Re7 53. Qxa4 Qe3+ 54. Kg2 Qc3 55. Qb4 Qd3 56. Qc5 Re3 57. Qh5+ Kg7 58. Kf2 Re7 59. Qg5+ Kf8 60. g4 Qd4+ 61. Kg2 Qc3 62. Qf4+ Kg8 63. Kf2 Qc5+ 64. Kg3 Qc3 65. Qb8+ Kg7 66. Qb4 Qe3 67. g5 Qe5+ 68. Qf4 Qc3 69. Qf6+ Qxf6 70. gxf6+ Kxf6 71. Kf2 Ra7 72. Ra1 Re7 73. a4 Kg6 74. a5 Kh5 75. a6 Kxh4 76. Ke1 Ra7 77. Kxe2 Kg5 78. Ra5+ Kf4 79. Ra4+ Kf5 80. Kd3 Ke5 81. Kc4 Kd6 82. Kb5 Ra8 83. a7 Kc7 84. Rh4 h5 85. Rxh5 Rxa7 86. Rh7+ Kb8 87. Rxa7 Kxa7 88. Kc6 Kb8 89. Kd7 Kb7 90. f4 Kb6 91. f5 Kc5 92. f6 Kd5 93. f7 Ke5 94. f8=Q Kd4 95. Qf5 Kc3 96. Qe4 Kb2 97. Qd3 Ka1 98. Kc6 Kb2 99. Kb5 Ka1 100. Qd2 Kb1 101. Kb4 Ka1 102. Kb3 1-0

[Event "Nakhchivan Premium 2021"]
[Site "Nakhchivan"]
[Date "2021.04.01"]
[Round "11.5"]
[White "Ismayilov, Arturan"]
[Black "Ahmadova, Yegana"]
[Result "1-0"]
[ECO "B38"]
[WhiteElo "1663"]
[BlackElo "1421"]
[Annotator "NA RC"]
[PlyCount "97"]
[EventDate "2021.03.14"]
[EventType "tourn"]
[EventCountry "AZE"]
[SourceTitle "playchess.com"]
[Source "ChessBase"]
[SourceQuality "1"]
[TimeControl "5400+30"]

1. e4 c5 2. Nf3 Nc6 3. d4 cxd4 4. Nxd4 g6 5. c4 Bg7 6. Be3 Nf6 7. Nc3 Nxd4 8. Bxd4 O-O 9. Be2 d6 10. O-O Be6 11. f4 Rc8 12. b3 a6 13. Rc1 Bd7 14. Bf3 Bc6 15. Qe2 Nd7 16. Be3 a5 17. Rfd1 Qc7 18. a3 Qb8 19. b4 axb4 20. axb4 b6 21. Bg4 Rc7 22. Bxd7 Rxd7 23. Nd5 Bxd5 24. Rxd5 Rb7 25. Rb5 Rc8 26. h4 e5 27. f5 Rc6 28. h5 Qc8 29. fxg6 fxg6 30. hxg6 hxg6 31. Qd3 Bf8 32. Qd5+ Kg7 33. Rf1 Rxc4 34. Rxb6 Rxb6 35. Qf7+ Kh8 36. Bxb6 Rc1 37. Be3 Rxf1+ 38. Qxf1 Bg7 39. b5 Qc2 40. b6 Qxe4 41. Qc1 Bf6 42. Bf2 g5 43. Qc8+ Kg7 44. b7 Qb1+ 45. Kh2 Qh7+ 46. Qh3 Qb1 47. Qd7+ Kg6 48. Qe8+ Kg7 49. b8=Q 1-0